 Dungeon Crawl Stone Soup version 0.30-a0-953-g5f1da4a474 (webtiles) character file.

Game seed: 3339390656448978

471 cforsyth the Cudgeller (level 7, -9/56 HPs)
             Began as a Formicid Fighter on Mar 29, 2023.
             Mangled by Duvessa
             ... wielding a +0 rapier of venom
              (10 damage)
             ... on level 4 of the Dungeon.
             The game lasted 00:04:35 (2852 turns).

cforsyth the Cudgeller (Formicid Fighter)           Turns: 2852, Time: 00:04:36

Health: -9/56      AC: 13    Str: 22    XL:     7   Next: 31%
Magic:  7/7        EV:  7    Int:  8    God:
Gold:   244        SH:  5    Dex: 13    Spells: 6/6 levels left

rFire   . . .      SeeInvis +    A - +0 morningstar
rCold   . . .      Faith    .    c - +0 buckler
rNeg    . . .      Spirit   .    s - +0 chain mail
rPois   +          Reflect  .    (helmet unavailable)
rElec   .          Rampage  .    (no cloak)
rCorr   .                        (no gloves)
Will    .....                    (no boots) Stlth
                                 (no amulet)
HPRegen 0.29/turn                l - +4 ring of protection
MPRegen 0.10/turn                p - ring of poison resistance

@: lethally poisoned (-9 -> -18)
A: permanent stasis, dig shafts and tunnels, antennae 3, four strong arms
a: Dig, Shaft Self


You were on level 4 of the Dungeon.
You visited 2 branches of the dungeon, and saw 5 of its levels.

You collected 244 gold pieces.

Inventory:

Hand Weapons
 a - a +0 flail
 A - a +0 morningstar (weapon)
Armour
 b - a +0 scale mail
 c - a +0 buckler (worn)
 s - a +0 chain mail (worn)
Jewellery
 f - a ring of ice
 l - a +4 ring of protection (left hand)
 o - a ring of protection from cold
 p - a ring of poison resistance (right hand)
Wands
 C - a wand of roots (3)
Scrolls
 e - 2 scrolls of fog {unknown}
 g - a scroll of amnesia {unknown}
 i - 2 scrolls of identify {unknown}
 n - a scroll of brand weapon {unknown}
 r - a scroll of enchant weapon {unknown}
 t - a scroll of enchant armour {unknown}
 u - a scroll of vulnerability {unknown}
 v - a scroll of teleportation {unknown}
 w - a scroll of fear {unknown}
 y - a scroll of immolation {unknown}
 B - a scroll of poison {unknown}
Potions
 d - 2 potions of might
 h - 2 potions of attraction {unknown}
 j - a potion of haste {unknown}
 k - a potion of mutation {unknown}
 m - 4 potions of lignification {unknown}
 q - a potion of degeneration {unknown}
 x - a potion of ambrosia {unknown}
 z - a potion of heal wounds {unknown}
 D - a potion of magic {unknown}
 E - a potion of curing {unknown}
 F - 2 potions of brilliance {unknown}


   Skills:
 + Level 5.5 Fighting
 * Level 6.2 Maces & Flails
 - Level 3.2 Armour
 - Level 4.0 Shields


You had 6 spell levels left.
You didn't know any spells.
Your spell library contained the following spells:

 Spells                   Type           Power      Damage    Failure   Level
 Magic Dart               Conj           0%         1d3       99%         1
 Call Imp                 Summ           0%         N/A       100%        2
 Lesser Beckoning         Tloc           0%         N/A       100%        2
 Momentum Strike          Conj/Tloc      0%         3d8       100%        2
 Sublimation of Blood     Necr           0%         N/A       100%        2
 Wereblood                Tmut           0%         N/A       100%        2
 Mephitic Cloud           Conj/Pois/Air  0%         N/A       100%        3
 Summon Hydra             Summ           0%         N/A       100%        7
 Blink                    Tloc           Unusable   N/A       N/A         2

Dungeon Overview and Level Annotations

Branches:
Dungeon (4/15)             Temple (1/1) D:4

Altars:
Cheibriados
Dithmenos
Fedhas
Hepliaklqana
Makhleb
Nemelex Xobeh
Okawaru
Sif Muna
Trog
Uskayaw
Vehumet
Wu Jian
Xom
Zin
The Shining One

Shops:
D:3 :

Annotations:
D:4 Dowan, Duvessa


Innate Abilities, Weirdness & Mutations

You cannot be hasted, slowed, berserked, paralysed or teleported.
You can dig through walls and to a lower floor.
You have a pair of large antennae on your head. (SInv)
Your four strong arms can wield two-handed weapons with a shield.


Message History

Dowan mumbles some strange words.
Dowan blinks!
The water moccasin bites you.
You are poisoned.
The water moccasin poisons you!
You puncture the water moccasin!
You kill the water moccasin!
You feel very sick. The sleepcap releases spores at you.
Duvessa gestures with her weapon.
Your Maces & Flails skill increases to level 6!
You have reached level 7!
Unknown command.
Unknown command.
You puncture the sleepcap!
The sleepcap is moderately damaged.
You feel very sick. The sleepcap releases spores at you.
You hit the sleepcap.
The sleepcap is moderately damaged.
You feel sick.
The sleepcap releases spores at you but does no damage.
You sock the sleepcap!
The sleepcap is severely damaged.
You feel sick. You block the sleepcap's attack.
You puncture the sleepcap!
You destroy the sleepcap!
You feel sick.
Dowan casts a spell.
Dowan blinks!
Duvessa hits you with a +0 rapier of venom!
* * * LOW HITPOINT WARNING * * *
You feel sick.
Duvessa hits you with a +0 rapier of venom!
* * * LOW HITPOINT WARNING * * *
You are lethally poisoned!
There is an escape hatch in the floor here.
* * * LOW HITPOINT WARNING * * *
You feel very sick.
Duvessa hits you with a +0 rapier of venom!
You die...

######...#####.##
#.. #.......†..#
#.. #..........#
...
#######..........#
.................#
#######..........#
#.........>#
##########.# #@#
#e# #g# #.# #w#
#.. { ... ... ....


You could see Duvessa (fast), a worm and a goblin.

Vanquished Creatures
  Sigmund (D:4)
  A water moccasin (D:4)
  A scorpion (D:4)
  A sleepcap (D:4)
  An adder (D:4)
  3 worms (D:2)
  4 dart slugs
  8 orcs
  5 endoplasms
  3 giant cockroaches
  7 goblins
  9 hobgoblins
  4 jackals
  5 quokkas
  8 ball pythons
  5 bats
  7 frilled lizards
  7 kobolds
  4 rats
84 creatures vanquished.

Notes
Turn   | Place    | Note
-------+----------+-------------------------------------------
     0 | D:1      | cforsyth the Formicid Fighter began the quest for the Orb.
     0 | D:1      | Reached XP level 1. HP: 18/18 MP: 1/1
   289 | D:1      | Reached XP level 2. HP: 24/24 MP: 2/2
   497 | D:1      | Reached XP level 3. HP: 21/30 MP: 3/3
   498 | D:1      | Found a faded altar of an unknown god.
   567 | D:1      | Reached skill level 3 in Maces & Flails
  1783 | D:3      | Reached XP level 4. HP: 35/37 MP: 4/4
  1940 | D:3      | Found a bloodstained altar of Trog.
  2270 | D:3      | Found Istoilaz's Book Boutique.
  2287 | D:3      | Reached skill level 4 in Maces & Flails
  2447 | D:4      | Noticed Sigmund
  2459 | D:4      | Killed Sigmund
  2460 | D:4      | Reached skill level 5 in Maces & Flails
  2460 | D:4      | Reached XP level 5. HP: 29/43 MP: 5/5
  2460 | D:4      | Reached XP level 6. HP: 34/50 MP: 6/6
  2677 | D:4      | Found a glowing golden altar of the Shining One.
  2683 | D:4      | Found a hazy altar of Hepliaklqana.
  2684 | D:4      | Found a glowing silver altar of Zin.
  2715 | D:4      | Found a staircase to the Ecumenical Temple.
  2730 | D:4      | Reached skill level 5 in Fighting
  2737 | Temple   | Entered the Ecumenical Temple
  2831 | D:4      | Noticed a water moccasin
  2832 | D:4      | Noticed Dowan
  2835 | D:4      | Noticed Duvessa
  2846 | D:4      | Killed a water moccasin
  2847 | D:4      | Reached skill level 6 in Maces & Flails
  2847 | D:4      | Reached XP level 7. HP: 33/56 MP: 7/7
  2852 | D:4      | HP: 1/56 [poisoned by Duvessa]
  2852 | D:4      | Mangled by Duvessa

Illustrated notes

Levels and vault maps discovered:
D:1:      dpeg_arrival_brainrot, layout_basic,
          hellmonk_ecumenical_altar_prayer_group,
          hangedman_abyss_or_decor_stabs, minmay_small_reverse_x
D:2:      layout_loops_ring
D:3:      layout_rooms, lemuel_crystal_altar, serial_shops, shop,
          guppyfry_early_orc_mine
D:4:      layout_basic, jmf_multi_god_temple2, minitemple,
          minmay_temple_entry_antechambers, hellmonk_no_cap, uniq_ijyb,
          uniq_duvessa, uniq_sigmund
Temple:   hellmonk_temple_of_storms

Skill      XL: |  1  2  3  4  5  6 |
---------------+-------------------+-----
Maces & Flails | 3 5 6 |  6.2
Fighting       | 4 5 |  5.5
Armour         | |  3.2
Shields        | |  4.0

Action                     |  1- 3 |  4- 6 |  7- 9 || total
---------------------------+-------+-------+-------++-------
  Melee: Flail             |    87 |    58 |       ||   145
         Morningstar       |       |    80 |     4 ||    84
 Armour: Scale mail        |    25 |       |       ||    25
         Chain mail        |     5 |   112 |     1 ||   118
  Dodge: Dodged            |    33 |    52 |       ||    85
  Block: Buckler           |    18 |    38 |     1 ||    57

Table legend: (Time is in decaauts)
 A = Elapsed time spent in this place.
 B = Non-inter-level travel time spent in this place.
 C = Inter-level travel time spent in this place.
 D = Time resting spent in this place.
 E = Time spent auto-exploring this place.
 F = Levels seen in this place.
 G = Mean time per level.
                   A        B        C        D        E       F      G
               +--------+--------+--------+--------+--------+-----+--------+
         Total |   2917 |   2827 |     90 |    117 |   2091 |   5 |  583.4 |
       Dungeon |   2876 |   2793 |     83 |    117 |   2067 |   4 |  719.0 |
        Temple |     40 |     33 |      7 |      0 |     24 |   1 |   40.0 |
               +--------+--------+--------+--------+--------+-----+--------+

Top non-repeatable levels by time:
     D:1: 1087 daAuts
     D:2: 879 daAuts
     D:3: 518 daAuts
     D:4: 391 daAuts
  Temple: 40 daAuts
